 Dungeon Crawl Stone Soup version 0.17-a0-1497-g03599f7 (console) character file.

318 Monkaria the Covered (level 6, -1/52 HPs)
             Began as a Minotaur Wanderer on July 6, 2015.
             Was a Believer of Jiyva.
             Succumbed to poison (a potion of poison)
             ... on level 4 of the Dungeon.
             The game lasted 00:03:13 (1927 turns).

Monkaria the Covered (Minotaur Wanderer)            Turns: 1927, Time: 00:03:14

Health: -1/52      AC:  9    Str: 21    XL:     6   Next: 21%
Magic:  5/5        EV:  9    Int:  9    God:    Jiyva [**....]
Gold:   166        SH:  0    Dex: 15    Spells: 0 memorised, 5 levels left

rFire  . . .     SeeInvis .     g - +0 trident
rCold  . . .     Clarity  .     a - +2 scale mail
rNeg   . . .     SustAt   .     (no shield)
rPois  .         Gourm    .     (helmet restricted)
rElec  .         Spirit   .     (no cloak)
rCorr  .         Warding  .     (no gloves)
rMut   .         Stasis   .     (no boots)
MR     .....                    s - amulet of rage
Stlth  +.........               (no ring)
                                e - +6 ring of dexterity

@: lethally poisoned (-1 -> -18), not resistant to hostile enchantments, very
unstealthy
A: retaliatory headbutt, horns 2, thin skeletal structure 1, clumsy 1, strong 1
a: Request Jelly, Jelly Paralyse, Renounce Religion, Evoke Berserk Rage


You were on level 4 of the Dungeon.
You worshipped Jiyva.
Jiyva was pleased with you.
You were not hungry.

You visited 1 branch of the dungeon, and saw 4 of its levels.

You collected 166 gold pieces.

Inventory:

Hand weapons
 b - a +0 hand axe
 g - a +0 trident (weapon)
Missiles
 t - 17 poisoned needles
Armour
 a - a +2 scale mail (worn)
Jewellery
 e - a +6 ring of dexterity (left hand)
 s - an amulet of rage (around neck)
Scrolls
 f - 5 scrolls of blinking {unknown}
 j - 2 scrolls of identify {unknown}
 k - 2 scrolls of recharging {unknown}
 l - a scroll of immolation {unknown}
 m - 2 scrolls of remove curse {unknown}
 n - a scroll of magic mapping {unknown}
 o - a scroll of fog {unknown}
 p - a scroll of fear {unknown}
Potions
 r - a potion of experience {unknown}
 u - 2 potions of poison
 v - a potion of haste {unknown}
Comestibles
 c - 2 chunks of flesh
 d - 2 bread rations
 h - 3 meat rations
 i - a royal jelly


   Skills:
 - Level 4.1 Fighting
 - Level 3.6(5.1) Axes
 + Level 5.5(6.0) Polearms
 - Level 2.0 Throwing
 - Level 5.6 Armour


You had 5 spell levels left.
You didn't know any spells.

Dungeon Overview and Level Annotations

Branches:
Dungeon (4/15)
 Temple: D:4-7

Altars:
Jiyva


Innate Abilities, Weirdness & Mutations

You reflexively headbutt those who attack you in melee.
You have a pair of horns on your head.
You have a somewhat thin skeletal structure (Dex +2, Stealth).
You are clumsy. (Dex -2)
Your muscles are strong. (Str +2)


Message History

You barely miss the scorpion.
The scorpion is lightly wounded.
The scorpion stings you.
You are poisoned.
The scorpion poisons you! The ogre hits you with a giant club!!
Ouch! That really hurt!
* * * LOW HITPOINT WARNING * * *
* * * LOW HITPOINT WARNING * * *
You feel sick.
Wield which item (- for none, * to show all)? (? for menu, Esc to quit)
Okay, then.
Drink which item? (? for menu, Esc to quit)
It was a potion of poison.
That liquid tasted very nasty...
You are more poisoned.
* * * LOW HITPOINT WARNING * * *
You feel sick. The scorpion barely misses you.
Drink which item? (? for menu, Esc to quit)
It was a potion of mutation.
You feel extremely strange.
You feel clumsy.
You feel stronger.
Your bones become slightly less dense.
You die...

#.......#
#......##
#.....##
#.....#
####..##
##..#
#..# #.##
##@# #s##
#...SO#
........#
#######.#
#.. ##. .
##


You could see an ogre, a scorpion and a ball python.

Vanquished Creatures
  A scorpion (D:4)
  An orc wizard (D:3)
  A centaur skeleton (D:4)
  Natasha (twice) (D:4)
  4 worker ants
  3 adders
  An ooze (D:1)
  A worm (D:2)
  2 giant geckos
  5 orcs
  3 bats
  3 giant cockroaches
  7 goblins
  7 hobgoblins
  3 quokkas
  A ball python (D:3)
  3 giant newts
  3 kobolds
  7 rats
58 creatures vanquished.

Vanquished Creatures (others)
  A giant frog skeleton (D:4)
  A worker ant (D:4)
  A worm (D:4)
  2 goblins (D:3)
  A hobgoblin (D:4)
  A kobold (D:3)
  A bat (D:3)
  A giant cockroach (D:3)
  A quokka (D:3)
  2 rats
12 creatures vanquished.

Grand Total: 70 creatures vanquished

Notes
Turn   | Place    | Note
--------------------------------------------------------------
     0 | D:1      | Monkaria the Minotaur Wanderer began the quest for the Orb.
     0 | D:1      | Monkaria set off with: a +2 scale mail, a +0 hand axe, a potion of curing, a bread ration
     0 | D:1      | Reached XP level 1. HP: 16/16 MP: 0/0
   168 | D:1      | Reached XP level 2. HP: 25/25 MP: 1/1
   551 | D:2      | Found a faded altar to an unknown god.
   579 | D:2      | Reached XP level 3. HP: 9/33 MP: 2/2
  1013 | D:2      | Became a worshipper of Jiyva Jeas the Shapeless
  1013 | D:2      | Acquired Jiyva's first power
  1040 | D:3      | Reached skill level 5 in Armour
  1040 | D:3      | Reached XP level 4. HP: 36/40 MP: 1/3
  1145 | D:3      | Reached skill level 1 in Polearms
  1238 | D:3      | Acquired Jiyva's second power
  1623 | D:4      | Reached XP level 5. HP: 40/46 MP: 4/4
  1679 | D:4      | Noticed Natasha
  1686 | D:4      | Killed Natasha
  1826 | D:4      | Reached skill level 5 in Polearms
  1826 | D:4      | Reached XP level 6. HP: 7/52 MP: 5/5
  1864 | D:4      | Noticed Natasha
  1871 | D:4      | Killed Natasha
  1920 | D:4      | Noticed an ogre
  1926 | D:4      | HP: 1/52 [poison (a potion of poison)]
  1927 | D:4      | Gained mutation: You are clumsy. (Dex -2) [potion of mutation]
  1927 | D:4      | Gained mutation: Your muscles are strong. (Str +2) [potion of mutation]
  1927 | D:4      | Gained mutation: You have a somewhat thin skeletal structure (Dex +2, Stealth). [potion of mutation]
  1927 | D:4      | Succumbed to poison (a potion of poison)

Vault maps used:
D:1:      scummos_arrival_simple_crosswalls, serial_park_tiny_1
D:2:      ecumenical_altar_2
D:3:      first_bread, kennysheep_generic_room_9
D:4:      uniq_natasha

Action                   |  1- 3 |  4- 6 || total
-------------------------+-------+-------++-------
Melee: Hand axe          |    90 |     6 ||    96
       Trident           |       |   100 ||   100
  Use: Potion            |     1 |     5 ||     6
  Eat: Chunk             |       |     2 ||     2
